 Dungeon Crawl Stone Soup version 0.20.1-1-g8b1a95d (webtiles) character file.

658 Malachi the Firebug (level 7, 0/69 HPs)
             Began as an Ogre Fire Elementalist on Sept 9, 2017.
             Slain by a shadow imp (5 damage)
             ... on level 6 of the Dungeon.
             The game lasted 00:10:50 (5855 turns).

Malachi the Firebug (Ogre Fire Elementalist)        Turns: 5855, Time: 00:10:50

Health: 0/69       AC:  4    Str: 11    XL:     7   Next: 55%
Magic:  6/11       EV: 10    Int: 20    God:
Gold:   279        SH:  0    Dex:  9    Spells: 6/11 levels left

rFire    + . .     SeeInvis .   n - +2 dagger (venom)
rCold    . . .     Gourm    .   (no shield)
rNeg     . . .     Faith    .   a - +1 robe
rPois    .         Spirit   .   (helmet restricted)
rElec    .         Reflect  .   (no cloak)
rCorr    .         Harm     .   (gloves unavailable)
MR       .....                  (boots unavailable)
Stlth    ++........             (no amulet)
Regen    0.3/turn               r - ring of protection from fire
MPRegen  0.2/turn               (no ring)

@: very slightly contaminated, drained
A: unfitting armour, horns 1, rugged brown scales 1, clever 1, deformed body,
tough skin 1, weak 1, no potion heal 1
a: no special abilities


You were on level 6 of the Dungeon.
You were near starving.

You visited 1 branch of the dungeon, and saw 6 of its levels.

You collected 279 gold pieces.

Inventory:

Hand Weapons
 e - a +0 club
 k - a +0 halberd
 n - a +2 dagger of venom (weapon)
Armour
 a - a +1 robe (worn)
Jewellery
 r - a ring of protection from fire (left hand)
Wands
 s - a wand of digging (18/24)
 u - a wand of confusion (16/48)
 w - a wand of flame (16/48)
 y - a wand of lightning (6/15)
 z - a wand of random effects (20/48)
Scrolls
 d - 6 scrolls of identify
 f - a scroll of enchant weapon {unknown}
 j - 2 scrolls of remove curse
 l - a scroll of magic mapping {unknown}
 m - a scroll of fog
 o - a scroll of blinking
 t - 3 scrolls of teleportation {unknown}
 x - a scroll of recharging
Potions
 g - 2 potions of ambrosia
 h - 3 potions of cancellation {unknown}
 i - a potion of berserk rage {unknown}
 p - 2 potions of curing {unknown}
Books
 b - a book of Flames

   Spells                             Type                      Level
   a - Flame Tongue                   Conjuration/Fire             1
   b - Throw Flame                    Conjuration/Fire             2
   c - Conjure Flame                  Conjuration/Fire             3
   d - Inner Flame                    Hexes/Fire                   3
   e - Sticky Flame                   Conjuration/Fire             4
   f - Fireball                       Conjuration/Fire             5
Comestibles
 c - 7 bread rations
 q - 3 meat rations


   Skills:
 + Level 3.4(3.2) Fighting
 + Level 2.4(2.2) Short Blades
 + Level 0.3(0.1) Maces & Flails
 + Level 3.0(2.8) Dodging
 + Level 2.2(2.0) Stealth
 + Level 2.8(2.6) Spellcasting
 * Level 2.8(2.5) Conjurations
 * Level 4.5(4.3) Fire Magic


You had 6 spell levels left.
You knew the following spells:

 Your Spells              Type           Power        Failure   Level  Hunger
a - Flame Tongue          Conj/Fire      ###..        3%          1    None
b - Sticky Flame          Conj/Fire      ###.....     34%         4    ####...


Dungeon Overview and Level Annotations

Branches:
Dungeon (6/15)
 Temple: D:4-7

Altars:
Nemelex Xobeh
Trog
Zin

Annotations:
D:6 Eustachio


Innate Abilities, Weirdness & Mutations

You are too large for most types of armour.
You have tough skin. (AC +1)
You have a pair of small horns on your head.
You are partially covered in rugged brown scales. (AC +1, +3% HP)
Your mind is acute. (Int +2)
Armour fits poorly on your strangely shaped body.
You are weak. (Str -2)
Potions are less effective at restoring your health.


Message History

The ufetubus hits you.
* * * LOW HITPOINT WARNING * * *
The ufetubus barely misses you. x2
You open the door.
The wight hits you from afar with a halberd.
* * * LOW HITPOINT WARNING * * *
The ufetubus hits you but does no damage.
The ufetubus barely misses you. The shadow imp hits you.
* * * LOW HITPOINT WARNING * * *
The ufetubus barely misses you. x2
There is an open door here.
The ufetubus disappears in a puff of smoke!
The shadow imp closely misses you.
The white imp disappears for a moment.
The white imp disappears in a puff of smoke!
The wight hits you from afar with a halberd.
* * * LOW HITPOINT WARNING * * *
The shadow imp hits you.
You die...

......#.....#........#
...(..#.....#........#.....
......#.....#........#......
......#....##z########.......
......#....#.r...............
......#....#.r...............
#.....######.z.............#
#..............5...........#
#...............@..........#
#..........................#
'................).........#
#.....................<....#
#########........########.....
........#........# ....
##......#........# ...
##......#........#
........#........#


You could see 2 wights, a river rat, a shadow imp and a rat.

Vanquished Creatures
  A sky beast (D:5)
  A centaur (D:6)
  A wight (D:6)
  2 bullfrog zombies
  An orc wizard (D:5)
  An orc priest (D:5)
  A bullfrog skeleton (D:4)
  4 worker ants
  4 gnolls
  2 adders (D:6)
  2 shadow imps
  An ooze (D:4)
  An adder skeleton (D:5)
  2 worms
  A dart slug (D:3)
  5 leopard geckos
  14 orcs
  14 giant cockroaches
  5 goblins
  7 hobgoblins
  3 quokkas
  4 ball pythons
  8 bats
  3 frilled lizards
  7 kobolds
  14 rats
109 creatures vanquished.

Notes
Turn   | Place    | Note
-------+----------+-------------------------------------------
     0 | D:1      | Malachi the Ogre Fire Elementalist began the quest for the Orb.
     0 | D:1      | Reached XP level 1. HP: 16/16 MP: 3/3
   237 | D:1      | Reached skill level 3 in Fire Magic
   244 | D:1      | Reached XP level 2. HP: 18/24 MP: 5/5
   305 | D:1      | Reached skill level 1 in Conjurations
   601 | D:1      | Reached XP level 3. HP: 31/31 MP: 4/6
  1593 | D:2      | Gained mutation: Potions are less effective at restoring your health. [potion of mutation]
  1593 | D:2      | Gained mutation: You evolve. [potion of mutation]
  1955 | D:2      | Reached XP level 4. HP: 37/39 MP: 7/7
  1962 | D:2      | Found a sparkling altar of Nemelex Xobeh.
  2338 | D:2      | Gained mutation: Your mind is acute. (Int +2) [evolution]
  2697 | D:3      | Reached XP level 5. HP: 27/46 MP: 3/9
  2974 | D:3      | Found a glowing silver altar of Zin.
  3248 | D:4      | Reached skill level 1 in Fighting
  3248 | D:4      | Reached skill level 1 in Short Blades
  3336 | D:4      | Lost mutation: You evolve. [potion of mutation]
  3336 | D:4      | Gained mutation: You are weak. (Str -2) [potion of mutation]
  3336 | D:4      | Gained mutation: You are partially covered in rugged brown scales. (AC +1, +3% HP) [potion of mutation]
  3336 | D:4      | Gained mutation: Armour fits poorly on your strangely shaped body. [potion of mutation]
  3336 | D:4      | Gained mutation: You have a pair of small horns on your head. [potion of mutation]
  3737 | D:4      | Reached skill level 4 in Fire Magic
  4033 | D:5      | Entered Level 5 of the Dungeon
  4157 | D:5      | Noticed a sky beast
  4190 | D:5      | Killed a sky beast
  4190 | D:5      | Reached XP level 6. HP: 27/59 MP: 10/10
  4536 | D:5      | Found a sparkling altar of Nemelex Xobeh.
  4667 | D:5      | Learned a level 4 spell: Sticky Flame
  4935 | D:5      | Reached XP level 7. HP: 44/67 MP: 11/11
  5656 | D:6      | Found a bloodstained altar of Trog.
  5678 | D:6      | Noticed Eustachio
  5855 | D:6      | Slain by a shadow imp

Skill      XL: |  1  2  3  4  5  6  7 |
---------------+----------------------+-----
Fire Magic     | 3 4 |  4.5
Dodging        | 2 3 |  3.0
Conjurations   | 1 2 |  2.8
Fighting       | 2 3 |  3.4
Short Blades   | 1 2 |  2.4
Stealth        | 2 |  2.2
Maces & Flails | |  0.3
Spellcasting   | |  2.8

Action                   |  1- 3 |  4- 6 |  7- 9 || total
-------------------------+-------+-------+-------++-------
Melee: Club              |    37 |       |       ||    37
       Unarmed           |     7 |       |       ||     7
       Dagger            |    40 |   191 |    58 ||   289
       Headbutt          |       |    13 |     6 ||    19
 Cast: Flame Tongue      |    47 |    18 |     3 ||    68
       Sticky Flame      |       |       |     2 ||     2
  Use: Scroll            |     8 |       |       ||     8
       Potion            |     3 |     1 |     1 ||     5
 Stab: Sleeping          |       |     2 |       ||     2
       Distracted        |       |     1 |       ||     1
  Eat: Chunk             |     3 |     6 |     1 ||    10
       Fruit             |       |     1 |       ||     1
       Bread ration      |       |     1 |       ||     1
Armor: Robe              |    52 |    54 |    47 ||   153
Dodge: Dodged            |    88 |    93 |    75 ||   256
